 Dungeon Crawl Stone Soup version 0.26.1 (webtiles) character file.

Game seed: 16240673801556707487

4481 BOMJPIETVODKU the Shield-Bearer (level 10, 0/77 HPs)
             Began as a Demonspawn Fighter on Feb 4, 2021.
             Was an Initiate of Gozag.
             Killed by vampiric draining
             ... invoked by a vampire
              (5 damage)
             ... on level 8 of the Dungeon on Feb 5, 2021.
             The game lasted 00:27:36 (10034 turns).

BOMJPIETVODKU the Shield-Bearer (DsFi)             Turns: 10034, Time: 00:27:37

Health: 0/77       AC: 15    Str: 21    XL:     10   Next: 16%
Magic:  10/10      EV:  5    Int:  9    God:    Gozag
Gold:   755        SH: 11    Dex: 12    Spells: 9/9 levels left

rFire    . . .     SeeInvis .   u - +5 short sword
rCold    . . .     Faith    .   c - +0 kite shield
rNeg     . . .     Spirit   .   i - +0 plate armour
rPois    +         Reflect  .   (helmet restricted)
rElec    .         Harm     .   m - +1 cloak
rCorr    .         Rampage  .   (no gloves)
Will     +....                  (no boots)
Stlth    ..........             (no amulet)
HPRegen  0.22/turn              x - ring of willpower
MPRegen  0.12/turn              t - ring of poison resistance

@: no status effects
A: horns 1, powered by death 3, powered by pain 1
a: Renounce Religion, Potion Petition, Call Merchant, Bribe Branch


You were on level 8 of the Dungeon.
You worshipped Gozag.
Gozag was pleased with you.
You visited 2 branches of the dungeon, and saw 10 of its levels.
You also visited: Sewer.

You collected 884 gold pieces.
You paid 129 gold pieces to Gozag.

Inventory:

Hand Weapons
 a - a +0 long sword
 u - a +5 short sword (weapon)
 G - the +6 arbalest "Damnation" {damnation}
   (You found it on level 7 of the Dungeon)
Armour
 c - a +0 kite shield (worn)
 i - a +0 plate armour (worn)
 m - a +1 cloak (worn)
Jewellery
 j - an uncursed ring of positive energy
 t - a ring of poison resistance (right hand)
 x - a ring of willpower (left hand)
Wands
 A - a wand of flame (17)
 C - a wand of enslavement (13)
Scrolls
 f - 7 scrolls of remove curse
 h - 2 scrolls of enchant weapon
 k - 2 scrolls of enchant armour
 n - 5 scrolls of identify
 r - 2 scrolls of teleportation
 v - 2 scrolls of fog
 w - 2 scrolls of amnesia
 y - 2 scrolls of random uselessness
 B - a scroll of blinking
 D - a scroll of fear
Potions
 b - a potion of brilliance {unknown}
 d - 4 potions of might
 e - 2 potions of resistance
 g - 2 potions of degeneration {unknown}
 l - a potion of attraction {unknown}
 o - a potion of magic {unknown}
 p - 4 potions of heal wounds
 q - 12 potions of curing
 s - 3 potions of flight {unknown}
 z - a potion of mutation {unknown}
 E - a potion of lignification {unknown}
 F - a potion of cancellation {unknown}
 H - a potion of berserk rage {unknown}


   Skills:
 * Level 6.9 Fighting
 - Level 4.0(5.6) Short Blades
 * Level 6.1(6.7) Long Blades
 + Level 6.5 Armour
 + Level 1.5 Dodging
 + Level 7.5 Shields
 * Level 3.0 Unarmed Combat
 + Level 0.1 Evocations


You had 9 spell levels left.
You didn't know any spells.
Your spell library was empty.

Dungeon Overview and Level Annotations

Branches:
Dungeon (9/15)             Temple (1/1) D:6           Sewer (visited)
   Lair: D:8-11         Orc: D:9-12

Altars:
Ashenzari
Cheibriados
Dithmenos
Elyvilon
Fedhas
Gozag
Hepliaklqana
Kikubaaqudgha
Makhleb
Nemelex Xobeh
Okawaru
Qazlal
Ru
Sif Muna
Trog
Uskayaw
Vehumet
Wu Jian
Xom
Yredelemnul
Zin
The Shining One

Shops:
D:4 (   D:7 =


Innate Abilities, Weirdness & Mutations

You have a pair of small horns on your head.
You regenerate a lot of health from kills.
You sometimes gain a little power by taking damage.


Message History

Reactivating autopickup.
The vampire casts a spell at itself.
The vampire flickers and vanishes!
Deactivating autopickup; reactivate with Ctrl-A.
You hit something.
Unholy energy fills the air.
* * * LOW HITPOINT WARNING * * *
You hear some strange, mumbled words.
Something tries to affect you, but you resist.
You puncture something! Your headbutt misses something.
Something hits you but does no damage. Something bites you but does no damage.
You barely miss something. Something hits you!
* * * LOW HITPOINT WARNING * * *
Something bites you but does no damage.
You hit something. Your headbutt misses something. Something hits you.
* * * LOW HITPOINT WARNING * * *
Something bites you but does no damage.
You hit something but do no damage. You headbutt something.
Unholy energy fills the air.
You die...
Your body crumbles into a pile of gold.

#.# #.....# ##..#
#.# ####.....#
#...# #.#
#......### ##.##
#.# #.###### #.#
#)####.# #.#
#)[....# ####.####
####.####.###
######.......#
............#
#.........##.#
####....#.#.#
#@####.#####.#
...#....#.#.####{#
#.##....#
#............[...#
#.#...#.#
#.........#.#...##
#.#.#...# ##
.......####.#...#
#.......# #.
............#...#
#######.####.
.......######...#
#..#..... .......#
#...#
#####.#.###.#
....#### #...#
#.......###.#


There were no monsters in sight!

Vanquished Creatures
  A two-headed ogre (D:8)
  An ugly thing (D:8)
  Maggie (D:7)
  Edmund (D:5)
  Duvessa (D:5)
  2 ice beasts
  3 phantoms
  A black bear (D:7)
  2 ogres (D:6)
  3 centaurs
  2 big kobolds (Sewer)
  4 bullfrogs
  Dowan (D:5)
  A scorpion (D:8)
  6 killer bees (D:8)
  3 wights
  4 howler monkeys
  2 bullfrog zombies (D:8)
  A centaur zombie (D:5)
  A hound (D:3)
  4 jellies
  An orc priest (D:6)
  Jessica (D:2)
  4 iguanas
  Terence (D:2)
  3 orc wizards
  4 worker ants
  9 gnolls
  7 adders
  A shadow imp (D:5)
  A white imp (D:9)
  14 oozes
  An adder skeleton (D:4)
  3 worms (D:3)
  5 leopard geckos
  16 orcs
  4 ball pythons
  8 bats
  8 giant cockroaches
  9 goblins
  8 hobgoblins
  17 jackals
  28 kobolds
  5 quokkas
  A frilled lizard (Sewer)
  A giant cockroach zombie (D:4)
  A jackal skeleton (D:8)
  A leopard gecko skeleton (D:7)
  A leopard gecko zombie (D:7)
  8 rats
216 creatures vanquished.

Vanquished Creatures (others)
  2 orc wizards
  7 fungi
  4 plants (Sewer)
  6 toadstools (D:4)
19 creatures vanquished.

Grand Total: 235 creatures vanquished

Notes
Turn   | Place    | Note
-------+----------+-------------------------------------------
     0 | D:1      | BOMJPIETVODKU the Demonspawn Fighter began the quest for
                  | the Orb.
     0 | D:1      | Reached XP level 1. HP: 18/18 MP: 1/1
   515 | D:1      | Gained mutation: You regenerate a little health from kills.
                  | [demonic ancestry]
   515 | D:1      | Reached XP level 2. HP: 24/24 MP: 2/2
   825 | D:1      | Reached skill level 3 in Shields
  1005 | D:1      | Gained mutation: You sometimes gain a little power by
                  | taking damage. [demonic ancestry]
  1005 | D:1      | Reached XP level 3. HP: 29/29 MP: 3/3
  1050 | D:2      | Found a snail-covered altar of Cheibriados.
  1309 | D:2      | Noticed Jessica
  1320 | D:2      | Killed Jessica
  1566 | D:2      | Noticed Terence
  1578 | D:2      | Killed Terence
  1579 | D:2      | Reached XP level 4. HP: 34/35 MP: 4/4
  1789 | D:2      | Found a stormy altar of Qazlal.
  2348 | D:2      | Reached XP level 5. HP: 13/41 MP: 5/5
  3058 | D:3      | Found a bloodstained altar of Trog.
  3131 | D:3      | Reached skill level 1 in Short Blades
  3131 | D:3      | Gained mutation: You regenerate health from kills. [demonic
                  | ancestry]
  3131 | D:3      | Reached XP level 6. HP: 42/47 MP: 6/6
  3424 | D:3      | Found a burning altar of Makhleb.
  3493 | D:4      | Noticed Sigmund
  3499 | D:4      | Noticed Sigmund
  3499 | D:4      | Sigmund changed into Sigmund the kobold
  3501 | D:4      | Killed Sigmund the kobold
  3530 | D:4      | Found Laoss's Weapon Emporium.
  3548 | D:4      | Reached skill level 1 in Dodging
  4600 | D:4      | Reached skill level 4 in Shields
  4713 | D:4      | Reached XP level 7. HP: 46/53 MP: 7/7
  4953 | D:5      | Entered Level 5 of the Dungeon
  4986 | D:5      | Noticed Dowan
  4988 | D:5      | Noticed Duvessa
  5007 | D:5      | Killed Duvessa
  5024 | D:5      | Killed Dowan
  5280 | D:5      | Noticed Edmund
  5335 | D:5      | Killed Edmund
  5373 | D:5      | Gained mutation: You regenerate a lot of health from kills.
                  | [demonic ancestry]
  5373 | D:5      | Reached XP level 8. HP: 51/61 MP: 8/8
  5635 | D:5      | Reached skill level 5 in Shields
  5666 | D:5      | Found a glowing silver altar of Zin.
  5666 | D:5      | Found a glowing golden altar of the Shining One.
  5666 | D:5      | Found a white marble altar of Elyvilon.
  5712 | D:5      | You fall into a shaft and drop 1 floor!
  5772 | D:6      | Found a staircase to the Ecumenical Temple.
  5797 | D:6      | Found a glowing drain.
  5843 | Sewer    | Entered a sewer
  6142 | Sewer    | Reached skill level 5 in Armour
  6388 | D:6      | Reached skill level 5 in Long Blades
  6589 | Temple   | Entered the Ecumenical Temple
  6634 | Temple   | Became a worshipper of Gozag Ym Sagoz the Greedy
  6886 | D:6      | Reached skill level 5 in Fighting
  7342 | D:7      | Reached skill level 6 in Shields
  7680 | D:7      | Gained mutation: You have a pair of small horns on your
                  | head. [demonic ancestry]
  7680 | D:7      | Reached XP level 9. HP: 56/68 MP: 9/9
  7701 | D:7      | Noticed Maggie
  7722 | D:7      | Killed Maggie
  8039 | D:6      | Reached skill level 1 in Unarmed Combat
  8169 | D:7      | Found Wettetse's Jewellery Shoppe.
  8180 | D:7      | Found a hazy altar of Hepliaklqana.
  8458 | D:7      | Found the +6 arbalest "Damnation" {damnation}
  8715 | D:8      | Found a blossoming altar of Fedhas.
  8787 | D:8      | Found a shimmering altar of Xom.
  8787 | D:8      | Found a shadowy altar of Dithmenos.
  8867 | D:8      | Noticed a two-headed ogre
  8880 | D:8      | HP: 3/69 [two-headed ogre/+0 giant club (12)]
  8898 | D:8      | Killed a two-headed ogre
  8899 | D:8      | Reached skill level 7 in Shields
  9110 | D:8      | Noticed a purple ugly thing
  9135 | D:8      | Killed a purple ugly thing
  9346 | D:8      | Reached XP level 10. HP: 77/77 MP: 10/10
  9932 | D:9      | Found an ornate altar of the Wu Jian Council.
  9932 | D:9      | Found a radiant altar of Vehumet.
  9933 | D:9      | Found a bloodstained altar of Trog.
 10034 | D:8      | Killed from afar by a vampire

Illustrated notes

Levels and vault maps discovered:
D:1:      psy_arrival_spokes, layout_basic
D:2:      layout_loops_ring, marbit_many_paths, cheibriados_altar_1,
          uniq_jessica, uniq_terence
D:3:      layout_loops_ring, makhleb_blood_cavern_becter, trog_butcher_becter
D:4:      cheibrodos_fertilizer, layout_rooms, serial_glass, glass_columns_a,
          glass_columns_a, glass_columns_b, glass_columns_b, glass_columns_a,
          glass_columns_a, glass_columns_c, glass_columns_b, serial_shops, shop,
          chequers_serial_rivers_small_3, uniq_sigmund
D:5:      layout_loops_ring, good_gods_mini_temple, minmay_splitting_lines,
          hangedman_decor_points, uniq_edmund, uniq_duvessa
D:6:      layout_cave_pods, temple_green, portal_sewer_entry_d
D:7:      layout_cave_pods, nicolae_overflow_hidden_temple, serial_shops, shop,
          uniq_maggie
D:8:      layout_loops_cross, gammafunk_temple_overflow_pools, fedhas_altar_3
D:9:      layout_loops_corners, chequers_temple_overflow_statue_of_worship
Temple:   nicolae_temple_figure_zero

Skill      XL: |  1  2  3  4  5  6  7  8  9 10 |
---------------+-------------------------------+-----
Long Blades    | 2 3 4 5 6 |  6.1
Shields        | 3 4 6 7 |  7.5
Armour         | 3 4 5 6 |  6.5
Short Blades   | 1 2 4 |  4.0
Dodging        | 1 |  1.5
Fighting       | 4 5 6 |  6.9
Unarmed Combat | 2 3 |  3.0
Evocations     | |  0.1

Action                   |  1- 3 |  4- 6 |  7- 9 | 10-12 || total
-------------------------+-------+-------+-------+-------++-------
Melee: Long sword        |   106 |    75 |       |       ||   181
       Short sword       |       |   210 |   548 |   109 ||   867
       Headbutt          |       |       |    33 |    25 ||    58
Evoke: Wand              |       |     6 |     1 |       ||     7
  Use: Scroll            |       |       |    13 |       ||    13
       Potion            |       |       |     3 |       ||     3
 Stab: Distracted        |       |       |       |     1 ||     1
Armor: Scale mail        |    21 |       |       |       ||    21
       Plate armour      |    57 |   171 |   257 |    59 ||   544
Dodge: Dodged            |    15 |    36 |   110 |    15 ||   176
Block: Kite shield       |    67 |   138 |   267 |    56 ||   528
       Rpst.: Long sword |     9 |     1 |       |       ||    10
